 Dungeon Crawl Stone Soup version 0.28.0-53-g5a82cb258f (webtiles) character file.

Game seed: 16907689153591646482

324 Peloso the Covered (level 6, -5/53 HPs)
             Began as a Minotaur Fighter on Aug 18, 2022.
             Was an Initiate of Okawaru.
             Succumbed to a gnoll's poison
             ... on level 4 of the Dungeon.
             The game lasted 00:03:25 (3701 turns).

Peloso the Covered (Minotaur Fighter)               Turns: 3701, Time: 00:03:25

Health: -5/53      AC: 13    Str: 21    XL:     6   Next: 23%
Magic:  5/5        EV:  6    Int:  5    God:    Okawaru [......]
Gold:   133        SH:  4    Dex: 11    Spells: 5/5 levels left

rFire   . . .      SeeInvis .   a - +0 long sword
rCold   . . .      Faith    .   c - +0 buckler
rNeg    . . .      Spirit   .   g - +0 plate armour
rPois   .          Reflect  .   n - +1 hat
rElec   .          Harm     .   (no cloak)
rCorr   .          Rampage  .   (no gloves)
Will    .....                   (no boots)
Stlth   ..........              (no amulet)
HPRegen 0.17/turn               (no ring)
MPRegen 0.09/turn               (no ring)

@: lethally poisoned (-5 -> -44)
A: horns 2, retaliatory headbutt
a: Renounce Religion


You were on level 4 of the Dungeon.
You worshipped Okawaru.
Okawaru was noncommittal.
You visited 1 branch of the dungeon, and saw 4 of its levels.

You collected 133 gold pieces.

Inventory:

Hand Weapons
 a - a +0 long sword (weapon)
Armour
 b - a +0 scale mail
 c - a +0 buckler (worn)
 g - a +0 plate armour (worn)
 n - a +1 hat (worn)
Wands
 k - a wand of flame (18)
Scrolls
 h - 2 scrolls of teleportation
 i - a scroll of identify
 j - 2 scrolls of brand weapon {unknown}
Potions
 d - a potion of might
 e - 2 potions of flight
 f - a potion of invisibility {unknown}
 l - a potion of mutation {unknown}
 m - 2 potions of curing {unknown}


   Skills:
 + Level 4.5 Fighting
 + Level 5.4 Long Blades
 + Level 5.5 Armour
 + Level 1.3 Dodging
 + Level 0.4 Stealth
 + Level 4.1 Shields


You had 5 spell levels left.
You didn't know any spells.
Your spell library contained the following spells:

 Spells                   Type           Power      Damage    Failure   Level
 Freeze                   Ice            0%         1d3       100%        1
 Frozen Ramparts          Ice            0%         1d2       100%        3
 Hailstorm                Conj/Ice       0%         3d3       100%        4


Dungeon Overview and Level Annotations

Branches:
Dungeon (4/15)
 Temple: D:4-7

Altars:
Elyvilon
Okawaru
Uskayaw
Wu Jian

Shops:
D:1 ?


Innate Abilities, Weirdness & Mutations

You have a pair of horns on your head.
You reflexively headbutt those who attack you in melee.


Message History

You tear a large gash into the net.
You struggle against the net.
The gnoll hits you with a +0 flail.
You rip the net and break free!
The gnoll hits you with a +0 flail!
You hit the gnoll.
The gnoll is lightly wounded.
The gnoll hits you with a +0 flail!
You closely miss the gnoll.
The gnoll is lightly wounded.
You block the gnoll's attack.
You slash the gnoll!
The gnoll is severely wounded.
The gnoll closely misses you. You block the gnoll's attack.
You slash the gnoll!
You kill the gnoll!
Okawaru accepts your kill.
The gnoll hits you from afar with a +1 halberd of venom.
You are poisoned.
You feel very sick. You block the gnoll's attack.
Things that are here:
a +0 flail; a gnoll corpse You slash the gnoll!
The gnoll is heavily wounded.
You feel sick. You block the gnoll's attack.
You hit the gnoll.
The gnoll is severely wounded.
You feel sick. The gnoll hits you but does no damage.
You are more poisoned.
The gnoll hits you with a +1 halberd of venom.
You are lethally poisoned!
You hit the gnoll.
The gnoll is almost dead.
You feel very sick.
The gnoll hits you with a +1 halberd of venom!
* * * LOW HITPOINT WARNING * * *
You are more poisoned.
You slash the gnoll!
You kill the gnoll!
Okawaru accepts your kill.
You die...

#.# #.# .....#
########.#### .....#
............# .....#
########.##.# ....(#
.. # #.##.## .....
.#.# #.##..# .g.
.#.#####.###.#######.#
..............>.@)gg.#
.# #####.###...#######
.#.# #..........# .#.#
#........#.#
...#####........#.#
................#.#
.########.......#.# .#
#.####..#'##### .#
#.##..........#


You could see 2 gnolls.

Vanquished Creatures
  A scorpion (D:4)
  A jelly (D:4)
  An orc priest (D:3)
  A hound (D:4)
  A centaur skeleton (D:4)
  2 iguanas (D:4)
  2 gnolls (D:4)
  3 adders
  A worm (D:3)
  7 orcs
  3 endoplasms
  3 giant cockroaches
  2 goblins
  2 hobgoblins (D:3)
  2 kobolds (D:3)
  2 quokkas
  15 ball pythons
  3 bats
  A frilled lizard (D:3)
  7 rats
60 creatures vanquished.

Vanquished Creatures (others)
  A plant (D:3)
1 creature vanquished.

Grand Total: 61 creatures vanquished

Notes
Turn   | Place    | Note
-------+----------+-------------------------------------------
     0 | D:1      | Peloso the Minotaur Fighter began the quest for the Orb.
     0 | D:1      | Reached XP level 1. HP: 19/19 MP: 0/0
   423 | D:1      | Found Qaluoj's Magic Scroll Shop.
   889 | D:2      | Reached XP level 2. HP: 27/27 MP: 1/1
  1562 | D:2      | Found a faded altar of an unknown god.
  1694 | D:2      | Reached XP level 3. HP: 32/33 MP: 2/2
  1766 | D:2      | Found a hide-covered altar of Uskayaw.
  2020 | D:3      | Reached skill level 1 in Dodging
  2291 | D:3      | Found an ornate altar of the Wu Jian Council.
  2372 | D:3      | Reached XP level 4. HP: 40/40 MP: 3/3
  2429 | D:3      | Found a white marble altar of Elyvilon.
  2661 | D:3      | Found an iron altar of Okawaru.
  2999 | D:3      | Became a worshipper of Warmaster Okawaru
  3178 | D:4      | Reached skill level 5 in Armour
  3199 | D:4      | Reached XP level 5. HP: 43/46 MP: 4/4
  3332 | D:4      | Reached skill level 5 in Long Blades
  3474 | D:4      | Reached XP level 6. HP: 53/53 MP: 5/5
  3701 | D:4      | Succumbed to a gnoll's poison

Illustrated notes

Levels and vault maps discovered:
D:1:      dpeg_arrival_more_subterranean_lakeside_camping, layout_basic,
          serial_shops, nicolae_shop_statue_plus
D:2:      layout_loops_corners, basic_ecumenical_altar, basic_altar,
          hangedman_glass_teeth, minmay_misc_feat_rugged
D:3:      layout_loops_ring, lemuel_round_altar, nzn_wu_jian_council_hall,
          overflow_temple_1_default, minmay_shallow_snake_nest
D:4:      layout_basic, gammafunk_temple_overflow_pools, serial_glass,
          glass_columns_a, glass_columns_a

Skill      XL: |  1  2  3  4  5 |
---------------+----------------+-----
Armour         | 4 5 |  5.5
Fighting       | 4 |  4.5
Dodging        | 1 |  1.3
Long Blades    | 3 4 5 |  5.4
Shields        | 4 |  4.1
Stealth        | |  0.4

Action                   |  1- 3 |  4- 6 || total
-------------------------+-------+-------++-------
Melee: Long sword        |    75 |    63 ||   138
       Headbutt          |     7 |    14 ||    21
  Use: Scroll            |       |     3 ||     3
Armor: Scale mail        |    27 |     6 ||    33
       Plate armour      |       |    27 ||    27
Dodge: Dodged            |    29 |    23 ||    52
Block: Buckler           |    22 |     9 ||    31
